 Dungeon Crawl Stone Soup version 0.29.1 (webtiles) character file.

Game seed: 1874901373561028136

28 GigaChad the Covered (level 2, 0/27 HPs)
             Began as a Minotaur Fighter on Sept 13, 2022.
             Frozen to death by an endoplasm (4 damage)
             ... on level 2 of the Dungeon.
             The game lasted 00:02:20 (579 turns).

GigaChad the Covered (Minotaur Fighter)              Turns: 579, Time: 00:02:22

Health: 0/27       AC:  7    Str: 20    XL:     2   Next: 96%
Magic:  1/1        EV:  6    Int:  5    God:
Gold:   37         SH:  4    Dex:  9    Spells: 1/1 levels left

rFire   . . .      SeeInvis .   a - +0 long sword
rCold   . . .      Faith    .   c - +0 buckler
rNeg    . . .      Spirit   .   b - +0 scale mail
rPois   .          Reflect  .   (helmet restricted)
rElec   .          Harm     .   (no cloak)
rCorr   .          Rampage  .   (no gloves)
Will    .....                   (no boots)
Stlth   ..........              (no amulet)
HPRegen 0.09/turn               (no ring)
MPRegen 0.07/turn               (no ring)

@: constricted
A: horns 2, retaliatory headbutt
a: no special abilities


You were on level 2 of the Dungeon.
You visited 1 branch of the dungeon, and saw 2 of its levels.

You collected 37 gold pieces.

Inventory:

Hand Weapons
 a - a +0 long sword (weapon)
Armour
 b - a +0 scale mail (worn)
 c - a +0 buckler (worn)
Scrolls
 e - 3 scrolls of identify {unknown}
 f - 3 scrolls of noise {unknown}
 k - a scroll of enchant weapon {unknown}
 l - a scroll of fear {unknown}
Potions
 d - 2 potions of might
 g - a potion of attraction {unknown}
 h - a potion of degeneration {unknown}
 i - 2 potions of brilliance {unknown}
 j - a potion of curing {unknown}


   Skills:
 + Level 4.0 Fighting
 + Level 2.8 Long Blades
 + Level 4.2 Armour
 + Level 0.2 Dodging
 + Level 4.0 Shields


You had one spell level left.
You didn't know any spells.
Your spell library was empty.

Dungeon Overview and Level Annotations

Branches:
Dungeon (2/15)

Altars:

Annotations:
D:2 Jessica


Innate Abilities, Weirdness & Mutations

You have a pair of horns on your head.
You reflexively headbutt those who attack you in melee.


Message History

Jessica points at you and mumbles some strange words.
Pain shoots through your body!
Ouch! That really hurt!
* * * LOW HITPOINT WARNING * * *
The endoplasm closely misses you. You furiously retaliate!
You headbutt the endoplasm.
Things that are here:
a +0 short sword; a kobold corpse The ball python bites you but does no damage.
The ball python grabs you. The ball python constricts you.
The ball python bites you.
* * * LOW HITPOINT WARNING * * *
The ball python bites you but does no damage.
The ball python constricts you.
Unknown command.
You hit the ball python.
You kill the ball python!
The endoplasm closely misses you.
The ball python bites you but does no damage.
The ball python constricts you.
An adder comes into view.
Your Fighting skill increases to level 4!
You escape the ball python's grasp.
The adder hisses angrily.
You block the ball python's attack. The ball python barely misses you.
You hit Jessica.
Jessica is heavily wounded.
You block Jessica's attack. The endoplasm barely misses you.
The ball python bites you but does no damage.
The ball python grabs you. The ball python constricts you.
Jessica barely misses you. You furiously retaliate!
You headbutt Jessica, but do no damage.
The kobold throws a stone.
The stone hits you but does no damage. The endoplasm barely misses you.
You escape the ball python's grasp.
The kobold attacks as you move away! You block the kobold's attack.
You block the ball python's attack. The ball python grabs you.
The ball python constricts you.
* * * LOW HITPOINT WARNING * * *
The endoplasm freezes you.
You are frozen.
You die...

...#. #..........
. ....##..........
.. ..............#
......#..........#
..#.............
...g..........
...###.#.K........
........)S@.S.....
........†J@.......
#..#....#K........
......#...........
...=..#<...#......
..................
..................
............#.....
..$..######....


You could see an adder, Jessica, an endoplasm, a hobgoblin, a ball python and 2
kobolds.

Vanquished Creatures
  3 ball pythons
  2 endoplasms (D:1)
  A giant cockroach (D:1)
  4 hobgoblins (D:1)
  2 jackals (D:1)
  2 quokkas (D:1)
  2 bats (D:1)
  A frilled lizard (D:1)
  5 kobolds
  A rat (D:1)
23 creatures vanquished.

Notes
Turn   | Place    | Note
-------+----------+-------------------------------------------
     0 | D:1      | GigaChad the Minotaur Fighter began the quest for the Orb.
     0 | D:1      | Reached XP level 1. HP: 19/19 MP: 0/0
   140 | D:1      | Reached XP level 2. HP: 27/27 MP: 1/1
   570 | D:2      | Noticed Jessica
   579 | D:2      | Frozen to death by an endoplasm

Illustrated notes

Levels and vault maps discovered:
D:1:      lightli_arrival_statuegarden, layout_loops_ring
D:2:      layout_rooms, basic_altar, uniq_terence, uniq_robin, uniq_jessica,
          uniq_natasha

Skill      XL: |  1  2 |
---------------+-------+-----
Armour         | 4 |  4.2
Shields        | 4 |  4.0
Fighting       | 4 |  4.0
Long Blades    | |  2.8
Dodging        | |  0.2

Action                   || total
-------------------------++-------
Melee: Long sword        ||    43
       Headbutt          ||     5
Armor: Scale mail        ||    33
Dodge: Dodged            ||    32
Block: Buckler           ||    18
